EVO
UNIVERSITY OF CALIFORNIA GOLDEN BEARS @ WICHITA STATE UNIVERSITY SHOCKERS
09/28/2045
 
TOP OF THE 1ST
University of California Golden Bears batting - Pitching for Wichita State University Shockers : LHP Jose Ruiz
Pitching: LHP Jose Ruiz
Batting: LHB Robert Gonzalez 0-0: Ground out U3 (Groundball, 34, EV 88.8 MPH)
Batting: LHB Sean Boenig 0-0: Ball
1-0: Called Strike
1-1: Called Strike
1-2: Strikes out looking
Batting: RHB Roberto Rios 0-0: Ball
1-0: Ball
2-0: Called Strike
2-1: Called Strike
2-2: Ball
3-2: Strikes out swinging
Top of the 1st over - 0 runs, 0 hits, 0 errors, 0 left on base; University of California 0 - Wichita State University 0
BOTTOM OF THE 1ST
Wichita State University Shockers batting - Pitching for University of California Golden Bears : RHP Herman McPherson
Pitching: RHP Herman McPherson
Batting: RHB Rafael Irizarry 0-0: Ball
1-0: Ball
2-0: Swinging Strike
2-1: Foul Ball, location: 2F
2-2: Ball
3-2: Base on Balls
Batting: RHB Daniel Pena 0-0: Ball
1-0: Ball
2-0: Swinging Strike
2-1: Fielders Choice at 2nd, 1-6 (Groundball, 13, EV 73.1 MPH)
Batting: LHB Dong-u Chang 0-0: Ball
1-0: Called Strike
Daniel Pena steals 2nd base (no throw)
1-1: Foul Ball, location: 2F
1-2: Fly out, F7 (Line Drive, 7, EV 101.2 MPH)
Batting: SHB Nadhir Umayr 0-0: Ball
1-0: Fly out, F8 (Line Drive, 8LD, EV 105.0 MPH)
Bottom of the 1st over - 0 runs, 0 hits, 0 errors, 1 left on base; University of California 0 - Wichita State University 0
TOP OF THE 2ND
University of California Golden Bears batting - Pitching for Wichita State University Shockers : LHP Jose Ruiz
Batting: RHB Willie Camacho 0-0: Called Strike
0-1: Fly out, F8 (Flyball, 8LM, EV 92.5 MPH)
Batting: RHB Alex Cardenas 0-0: Ground out 6-3 (Groundball, 6MS, EV 68.1 MPH)
Batting: RHB Jorge Gonzalez 0-0: SINGLE (Flyball, 34D, EV 98.8 MPH)
Batting: SHB J.D. Newman 0-0: Ball
1-0: Foul Ball, location: 2F
1-1: Ball
2-1: Ball
3-1: Called Strike
3-2: Base on Balls
Jorge Gonzalez to second
Batting: RHB Manny Elizondo 0-0: Ball
1-0: Swinging Strike
1-1: Foul Ball, location: 2F
1-2: Strikes out swinging
Top of the 2nd over - 0 runs, 1 hit, 0 errors, 2 left on base; University of California 0 - Wichita State University 0
BOTTOM OF THE 2ND
Wichita State University Shockers batting - Pitching for University of California Golden Bears : RHP Herman McPherson
Batting: RHB Alex Campos 0-0: Called Strike
0-1: Ball
1-1: Foul Ball, location: 2F
1-2: Ball
2-2: Ball
3-2: Fly out, F8 (Flyball, 8RS, EV 96.2 MPH)
Batting: LHB Bill Girton 0-0: Foul Ball, location: 2F
0-1: Ball
1-1: Swinging Strike
1-2: DOUBLE (Flyball, 89XD, EV 93.8 MPH)
Batting: SHB Alex Noval 0-0: Fly out, F9 (Flyball, 9, EV 88.8 MPH)
Batting: RHB Ziven Badersky 0-0: Ground out U3 (Groundball, 3, EV 83.8 MPH)
Bottom of the 2nd over - 0 runs, 1 hit, 0 errors, 1 left on base; University of California 0 - Wichita State University 0
TOP OF THE 3RD
University of California Golden Bears batting - Pitching for Wichita State University Shockers : LHP Jose Ruiz
Batting: RHB Dan Orozco 0-0: Called Strike
0-1: Called Strike
0-2: Ball
1-2: Strikes out swinging
Batting: LHB Robert Gonzalez 0-0: Ball
1-0: Ball
2-0: Ball
3-0: Called Strike
3-1: Fly out, F7 (Flyball, 7, EV 92.5 MPH)
Batting: LHB Sean Boenig 0-0: Ball
1-0: Called Strike
1-1: Swinging Strike
1-2: Foul Ball, location: 2F
1-2: Ground out U3 (Groundball, 34, EV 79.4 MPH)
Top of the 3rd over - 0 runs, 0 hits, 0 errors, 0 left on base; University of California 0 - Wichita State University 0
BOTTOM OF THE 3RD
Wichita State University Shockers batting - Pitching for University of California Golden Bears : RHP Herman McPherson
Batting: RHB Gus Casteneda 0-0: SINGLE (Flyball, 7S, EV 89.4 MPH)
Batting: RHB Rafael Irizarry 0-0: Ball
1-0: Ball
2-0: Ball
3-0: Foul Ball, location: 2F
3-1: Base on Balls
Gus Casteneda to second
Batting: RHB Daniel Pena 0-0: Ball
1-0: Called Strike
1-1: SINGLE (Groundball, 5S, EV 67.5 MPH) (infield hit)
Gus Casteneda to third
Rafael Irizarry to second
Batting: LHB Dong-u Chang 0-0: Ball
1-0: Fly out, F3 (Line Drive, 3, EV 73.8 MPH)
Batting: SHB Nadhir Umayr 0-0: Ball
1-0: Ground out U3 (Groundball, 34S, EV 62.5 MPH)
Gus Casteneda scores
Rafael Irizarry to third
Daniel Pena to second
Batting: RHB Alex Campos 0-0: Ball
1-0: SINGLE (Flyball, 6MD, EV 91.2 MPH)
Rafael Irizarry scores
Daniel Pena to third
Runner from 3rd tries for Home, SAFE, throw by CF to home
Alex Campos to second
Batting: LHB Bill Girton 0-0: Ball
1-0: Foul Ball, location: 2F
1-1: Swinging Strike
1-2: Foul Ball, location: 2F
1-2: Fly out, F8 (Flyball, 8RS, EV 96.9 MPH)
Bottom of the 3rd over - 3 runs, 3 hits, 0 errors, 1 left on base; University of California 0 - Wichita State University 3
TOP OF THE 4TH
University of California Golden Bears batting - Pitching for Wichita State University Shockers : LHP Jose Ruiz
Batting: RHB Roberto Rios 0-0: Foul Ball, location: 2F
0-1: Ball
1-1: Called Strike
1-2: Ball
2-2: Fly out, F9 (Flyball, 9S, EV 84.4 MPH)
Batting: RHB Willie Camacho 0-0: Ball
1-0: Ball
2-0: Ball
3-0: Base on Balls
Batting: RHB Alex Cardenas 0-0: Called Strike
0-1: Ball
1-1: Ball
2-1: Grounds into double play, 4-6-3 (Groundball, 4, EV 99.4 MPH)
Top of the 4th over - 0 runs, 0 hits, 0 errors, 0 left on base; University of California 0 - Wichita State University 3
BOTTOM OF THE 4TH
Wichita State University Shockers batting - Pitching for University of California Golden Bears : RHP Herman McPherson
Batting: SHB Alex Noval 0-0: SINGLE (Line Drive, 7S, EV 108.1 MPH)
Batting: RHB Ziven Badersky 0-0: Called Strike
0-1: Called Strike
0-2: Ball
1-2: Ball
2-2: Ball
3-2: Foul Ball, location: 2F
3-2: Foul Ball, location: 2F
3-2: Foul Ball, location: 2F
3-2: Foul Ball, location: 2F
3-2: Strikes out swinging
Batting: RHB Gus Casteneda 0-0: Ball
1-0: Fly out, F8 (Line Drive, 8RM, EV 98.8 MPH)
Batting: RHB Rafael Irizarry 0-0: Ball
1-0: Fly out, F8 (Flyball, 8LM, EV 93.1 MPH)
Bottom of the 4th over - 0 runs, 1 hit, 0 errors, 1 left on base; University of California 0 - Wichita State University 3
TOP OF THE 5TH
University of California Golden Bears batting - Pitching for Wichita State University Shockers : LHP Jose Ruiz
Batting: RHB Jorge Gonzalez 0-0: Ball
1-0: Called Strike
1-1: Swinging Strike
1-2: Ball
2-2: Foul Ball, location: 2F
2-2: Ball
3-2: Foul Ball, location: 2F
3-2: DOUBLE (Line Drive, 8RD, EV 105.0 MPH)
Batting: SHB J.D. Newman 0-0: Foul Ball, location: 2F
0-1: Foul Ball, location: 2F
0-2: Ball
1-2: Ball
2-2: Reached on error, E5 (Groundball, 56, EV 86.9 MPH)
Jorge Gonzalez to third
Batting: RHB Manny Elizondo 0-0: Called Strike
0-1: Ball
1-1: 3-RUN HOME RUN (Flyball, 7D, EV 93.8 MPH), Distance : 369 ft
Batting: RHB Dan Orozco 0-0: Fly out, F9 (Flyball, 89M, EV 91.9 MPH)
Batting: LHB Robert Gonzalez 0-0: DOUBLE (Flyball, 78D, EV 107.5 MPH)
Batting: LHB Sean Boenig 0-0: Called Strike
0-1: Foul Ball, location: 2F
0-2: Ball
1-2: Strikes out swinging
Batting: RHB Roberto Rios 0-0: Ball
1-0: Foul Ball, location: 2F
1-1: Ball
2-1: Ground out 4-3 (Groundball, 34, EV 86.2 MPH)
Top of the 5th over - 3 runs, 3 hits, 1 error, 1 left on base; University of California 3 - Wichita State University 3
BOTTOM OF THE 5TH
Wichita State University Shockers batting - Pitching for University of California Golden Bears : RHP Herman McPherson
Batting: RHB Daniel Pena 0-0: Foul Ball, location: 2F
0-1: Ball
1-1: Fly out, F9 (Flyball, 9LM, EV 94.4 MPH)
Batting: LHB Dong-u Chang 0-0: Ball
1-0: Called Strike
1-1: Foul Ball, location: 2F
1-2: Ball
2-2: Foul Ball, location: 2F
2-2: Ball
3-2: Foul Ball, location: 2F
3-2: Base on Balls
Pitching: LHP Bin Ya
Batting: SHB Nadhir Umayr 0-0: Called Strike
0-1: Ball
1-1: SINGLE (Line Drive, 7LS, EV 101.9 MPH)
Dong-u Chang to second
Batting: RHB Alex Campos 0-0: Ball
1-0: Fly out, F8 (Flyball, 8RXD, EV 103.1 MPH)
Runner from 2nd tags up, SAFE at 3rd, no throw by CF
Batting: LHB Bill Girton 0-0: Ball
1-0: Called Strike
1-1: Swinging Strike
1-2: Ball
2-2: Ball
3-2: Fly out, F9 (Flyball, 9D, EV 98.8 MPH)
Bottom of the 5th over - 0 runs, 1 hit, 0 errors, 2 left on base; University of California 3 - Wichita State University 3
TOP OF THE 6TH
University of California Golden Bears batting - Pitching for Wichita State University Shockers : LHP Jose Ruiz
Pitching: RHP Manny Hernandez
Batting: RHB Chris Christaldi 0-0: Ball
1-0: Ball
2-0: Called Strike
2-1: Foul Ball, location: 2F
2-2: Foul Ball, location: 2F
2-2: Ball
3-2: Foul Ball, location: 2F
3-2: Foul Ball, location: 2F
3-2: Fly out, F8 (Flyball, 8LD, EV 99.4 MPH)
Batting: RHB Alex Cardenas 0-0: Called Strike
0-1: Ball
1-1: Swinging Strike
1-2: Foul Ball, location: 2F
1-2: Ball
2-2: Ball
3-2: Foul Ball, location: 2F
3-2: Fly out, F9 (Flyball, 89D, EV 90.0 MPH)
Batting: RHB Jorge Gonzalez 0-0: Swinging Strike
0-1: Fly out, F8 (Flyball, 8RM, EV 91.2 MPH)
Top of the 6th over - 0 runs, 0 hits, 0 errors, 0 left on base; University of California 3 - Wichita State University 3
BOTTOM OF THE 6TH
Wichita State University Shockers batting - Pitching for University of California Golden Bears : LHP Bin Ya
Batting: SHB Alex Noval 0-0: Ball
1-0: Foul Ball, location: 2F
1-1: Fly out, F3 (Popup, 23F, EV 85.0 MPH)
Batting: RHB Ziven Badersky 0-0: Ball
1-0: Foul Ball, location: 2F
1-1: Foul Ball, location: 2F
1-2: Ground out 4-3 (Groundball, 4, EV 85.0 MPH)
Batting: RHB Gus Casteneda 0-0: Ball
1-0: Ball
2-0: Called Strike
2-1: Ball
3-1: Foul Ball, location: 2F
3-2: Base on Balls
Batting: RHB Rafael Irizarry 0-0: Ball
Wild Pitch!
Gus Casteneda to second
1-0: SINGLE (Groundball, 23, EV 67.5 MPH) (infield hit)
Gus Casteneda to third
Batting: RHB Daniel Pena 0-0: Called Strike
Rafael Irizarry steals 2nd base
0-1: Ball
1-1: Swinging Strike
1-2: Foul Ball, location: 2F
1-2: Ball
2-2: Ball
3-2: Strikes out swinging
Bottom of the 6th over - 0 runs, 1 hit, 0 errors, 2 left on base; University of California 3 - Wichita State University 3
TOP OF THE 7TH
University of California Golden Bears batting - Pitching for Wichita State University Shockers : RHP Manny Hernandez
Batting: SHB J.D. Newman 0-0: Called Strike
0-1: Swinging Strike
0-2: Strikes out swinging
Batting: RHB Manny Elizondo 0-0: Ground out 4-3 (Groundball, 4, EV 85.0 MPH)
Batting: RHB Dan Orozco 0-0: Ball
1-0: Ground out 6-3 (Groundball, 6, EV 106.2 MPH)
Top of the 7th over - 0 runs, 0 hits, 0 errors, 0 left on base; University of California 3 - Wichita State University 3
BOTTOM OF THE 7TH
Wichita State University Shockers batting - Pitching for University of California Golden Bears : LHP Bin Ya
Pitching: RHP Omar Flores
Batting: LHB Dong-u Chang 0-0: Foul Ball, location: 2F
0-1: Foul Ball, location: 2F
0-2: Foul Ball, location: 2F
0-2: Ball
1-2: Ground out 6-3 (Groundball, 6, EV 93.1 MPH)
Batting: SHB Nadhir Umayr 0-0: Called Strike
0-1: Foul Ball, location: 2F
0-2: Ground out 4-3 (Groundball, 4, EV 85.6 MPH)
Batting: RHB Alex Campos 0-0: Foul Ball, location: 2F
0-1: Called Strike
0-2: Strikes out swinging
Bottom of the 7th over - 0 runs, 0 hits, 0 errors, 0 left on base; University of California 3 - Wichita State University 3
TOP OF THE 8TH
University of California Golden Bears batting - Pitching for Wichita State University Shockers : RHP Manny Hernandez
Pitching: RHP Jerry Yusko
Batting: LHB Robert Gonzalez 0-0: Called Strike
0-1: Ground out 4-3 (Groundball, 4, EV 87.5 MPH)
Batting: LHB Sean Boenig 0-0: Foul Ball, location: 2F
0-1: Ball
1-1: Foul Ball, location: 2F
1-2: Foul Ball, location: 2F
1-2: Ball
2-2: Ball
3-2: Foul Ball, location: 2F
3-2: Base on Balls
Batting: RHB Roberto Rios 0-0: Called Strike
Sean Boenig steals 2nd base (no throw)
0-1: Fly out, F2 (Popup, 2RF, EV 93.1 MPH)
Batting: RHB Chris Christaldi 0-0: Called Strike
0-1: Called Strike
0-2: Ball
1-2: Ball
2-2: Foul Ball, location: 2F
2-2: Ball
3-2: Base on Balls
Batting: RHB Alex Cardenas 0-0: Ball
1-0: Foul Ball, location: 2F
1-1: Ball
2-1: Called Strike
2-2: Foul Ball, location: 2F
2-2: Ball
3-2: Strikes out swinging
Top of the 8th over - 0 runs, 0 hits, 0 errors, 2 left on base; University of California 3 - Wichita State University 3
BOTTOM OF THE 8TH
Wichita State University Shockers batting - Pitching for University of California Golden Bears : RHP Omar Flores
Batting: LHB Bill Girton 0-0: Ball
1-0: Swinging Strike
1-1: Swinging Strike
1-2: Strikes out looking
Batting: SHB Alex Noval 0-0: Called Strike
0-1: Foul Ball, location: 2F
0-2: Ball
1-2: Foul Ball, location: 2F
1-2: Ball
2-2: Foul Ball, location: 2F
2-2: Strikes out swinging
Pinch Hitting: SHB Ed Mosqueda 0-0: Called Strike
0-1: Called Strike
0-2: Ball
1-2: Ball
2-2: Strikes out swinging
Bottom of the 8th over - 0 runs, 0 hits, 0 errors, 0 left on base; University of California 3 - Wichita State University 3
TOP OF THE 9TH
University of California Golden Bears batting - Pitching for Wichita State University Shockers : RHP Jerry Yusko
Pitching: RHP Brandon Isabell
Now at 2B: Ed Mosqueda
Batting: RHB Jorge Gonzalez 0-0: Swinging Strike
0-1: Fly out, F9 (Flyball, 9LM, EV 81.2 MPH)
Batting: SHB J.D. Newman 0-0: Ball
1-0: Swinging Strike
1-1: Ball
2-1: Called Strike
2-2: Strikes out swinging
Batting: RHB Manny Elizondo 0-0: Ball
1-0: Foul Ball, location: 2F
1-1: Swinging Strike
1-2: Foul Ball, location: 2F
1-2: Ball
2-2: Foul Ball, location: 2F
2-2: Hit by Pitch
Batting: RHB Dan Orozco 0-0: Called Strike
0-1: Ball
1-1: Called Strike
1-2: Foul Ball, location: 2F
1-2: Strikes out swinging
Top of the 9th over - 0 runs, 0 hits, 0 errors, 1 left on base; University of California 3 - Wichita State University 3
BOTTOM OF THE 9TH
Wichita State University Shockers batting - Pitching for University of California Golden Bears : RHP Omar Flores
Pitching: RHP Tucker Perillo
Pinch Hitting: RHB Alex Rosaly 0-0: Ball
1-0: Swinging Strike
1-1: SINGLE (Groundball, 5, EV 110.6 MPH)
Batting: RHB Rafael Irizarry 0-0: Sac Bunt to 15 - play at first, batter OUT! 1-4
Alex Rosaly to second
Batting: RHB Daniel Pena 0-0: Ball
1-0: Swinging Strike
1-1: Ball
2-1: Foul Ball, location: 2F
2-2: Foul Ball, location: 2F
2-2: Ball
3-2: Base on Balls
Batting: LHB Dong-u Chang 0-0: Ball
1-0: Ball
2-0: Ball
3-0: Base on Balls
Alex Rosaly to third
Daniel Pena to second
Batting: SHB Nadhir Umayr 0-0: Ball
1-0: Ball
2-0: Grounds into fielders choice 4-2 (Groundball, 4, EV 90.6 MPH)
Daniel Pena to third
Dong-u Chang to second
Batting: RHB Alex Campos 0-0: Ball
1-0: Ball
2-0: Ball
3-0: Called Strike
3-1: Ground out U3 (Groundball, 34, EV 108.8 MPH)
Bottom of the 9th over - 0 runs, 1 hit, 0 errors, 3 left on base; University of California 3 - Wichita State University 3
TOP OF THE 10TH
University of California Golden Bears batting - Pitching for Wichita State University Shockers : RHP Brandon Isabell
Now at C: Isaiah Bias
Pinch Hitting: RHB Antonio Martinez 0-0: Called Strike
0-1: Foul Ball, location: 2F
0-2: Ball
1-2: SINGLE (Groundball, 6MD, EV 99.4 MPH)
Batting: LHB Sean Boenig 0-0: Ball
1-0: Fly out, F7 (Flyball, 78M, EV 86.2 MPH)
Batting: RHB Roberto Rios 0-0: Ball
1-0: Ball
Antonio Martinez steals 2nd base
2-0: Ball
3-0: Foul Ball, location: 2F
3-1: Swinging Strike
3-2: Strikes out swinging
Batting: RHB Chris Christaldi 0-0: Intentional Walk
Pitching: RHP Domingo Maldonado
Batting: RHB Alex Cardenas 0-0: Called Strike
0-1: Called Strike
0-2: Foul Ball, location: 2F
0-2: Ball
1-2: Fielders Choice at 2nd, 5-4 (Groundball, 56, EV 88.8 MPH)
Top of the 10th over - 0 runs, 1 hit, 0 errors, 2 left on base; University of California 3 - Wichita State University 3
BOTTOM OF THE 10TH
Wichita State University Shockers batting - Pitching for University of California Golden Bears : RHP Tucker Perillo
Pitching: LHP James Reynolds
Now in RF: Antonio Martinez
Batting: LHB Bill Girton 0-0: Ball
1-0: Swinging Strike
1-1: Swinging Strike
1-2: Strikes out looking
Pinch Hitting: RHB Yutaka Yamane 0-0: Called Strike
0-1: Ground out 6-3 (Groundball, 56D, EV 103.8 MPH)
Batting: SHB Ed Mosqueda 0-0: Ball
1-0: Ball
2-0: Ball
3-0: Called Strike
3-1: Ground out 4-3 (Groundball, 4, EV 99.4 MPH)
Bottom of the 10th over - 0 runs, 0 hits, 0 errors, 0 left on base; University of California 3 - Wichita State University 3
TOP OF THE 11TH
University of California Golden Bears batting - Pitching for Wichita State University Shockers : RHP Domingo Maldonado
Now in CF: Yutaka Yamane
Batting: RHB Jorge Gonzalez 0-0: Ball
1-0: Foul Ball, location: 2F
1-1: Ball
2-1: Ball
3-1: Ground out 5-3 (Groundball, 56S, EV 91.9 MPH)
Batting: SHB J.D. Newman 0-0: Foul Ball, location: 2F
0-1: Ball
1-1: Ball
2-1: Fly out, F8 (Flyball, 8LS, EV 90.6 MPH)
Pitching: RHP Wei-qiang Zhuo
Batting: RHB Manny Elizondo 0-0: Called Strike
0-1: Foul Ball, location: 2F
0-2: Fly out, F8 (Flyball, 78M, EV 96.2 MPH)
Top of the 11th over - 0 runs, 0 hits, 0 errors, 0 left on base; University of California 3 - Wichita State University 3
BOTTOM OF THE 11TH
Wichita State University Shockers batting - Pitching for University of California Golden Bears : LHP James Reynolds
Batting: SHB Isaiah Bias 0-0: Ball
1-0: Called Strike
1-1: Ground out 5-3 (Groundball, 5, EV 85.0 MPH)
Batting: RHB Rafael Irizarry 0-0: Ball
1-0: Called Strike
1-1: Ball
2-1: Ball
3-1: Foul Ball, location: 2F
3-2: Base on Balls
Batting: RHB Daniel Pena 0-0: Ball
1-0: Ball
2-0: Called Strike
2-1: Ball
3-1: SINGLE (Groundball, 56D, EV 95.0 MPH)
Rafael Irizarry to second
Batting: LHB Dong-u Chang 0-0: Foul Ball, location: 2F
0-1: Ball
1-1: Called Strike
1-2: Strikes out swinging
Pitching: RHP Ricardo Torres
Batting: SHB Nadhir Umayr 0-0: Swinging Strike
0-1: Ball
1-1: Ball
2-1: Ball
3-1: Fly out, F8 (Flyball, 8RM, EV 93.8 MPH)
Bottom of the 11th over - 0 runs, 1 hit, 0 errors, 2 left on base; University of California 3 - Wichita State University 3
TOP OF THE 12TH
University of California Golden Bears batting - Pitching for Wichita State University Shockers : RHP Wei-qiang Zhuo
Batting: RHB Dan Orozco 0-0: Called Strike
0-1: Ball
1-1: Foul Ball, location: 2F
1-2: Foul Ball, location: 2F
1-2: Ball
2-2: Ground out 3-1 (Groundball, 34, EV 83.1 MPH)
Batting: RHB Antonio Martinez 0-0: Called Strike
0-1: Ball
1-1: Ground out 6-3 (Groundball, 6M, EV 101.9 MPH)
Batting: LHB Sean Boenig 0-0: Ball
1-0: Called Strike
1-1: Fly out, F8 (Line Drive, 8RD, EV 84.4 MPH)
Top of the 12th over - 0 runs, 0 hits, 0 errors, 0 left on base; University of California 3 - Wichita State University 3
BOTTOM OF THE 12TH
Wichita State University Shockers batting - Pitching for University of California Golden Bears : RHP Ricardo Torres
Batting: RHB Alex Campos 0-0: Ball
1-0: Foul Ball, location: 2F
1-1: Called Strike
1-2: Ball
2-2: Foul Ball, location: 2F
2-2: DOUBLE (Line Drive, 7LM, EV 110.6 MPH)
Batting: LHB Bill Girton 0-0: Intentional Walk
Batting: RHB Yutaka Yamane 0-0: Ball
1-0: Sac Bunt to 5S - play at first, batter OUT! 5-4
Alex Campos to third
Bill Girton to second
Batting: SHB Ed Mosqueda 0-0: Intentional Walk
Batting: SHB Isaiah Bias 0-0: SINGLE (Groundball, 6, EV 82.5 MPH) (infield hit)
Alex Campos scores
Bottom of the 12th over - 1 run, 2 hits, 0 errors, 0 left on base; University of California 3 - Wichita State University 4
Game Over ... Wichita State University defeats University of California, 4 to 3
Wednesday, June 22nd , 2022 - OOTP Baseball 23.4 Build 64